 Dungeon Crawl Stone Soup version 0.20.2-3-g29329e0561 (webtiles) character file.

123 Alfie the Covered (level 5, -2/69 HPs)
             Began as a Hill Orc Fighter on Dec 5, 2023.
             Slain by Purgy (6 damage)
             ... in a sewer.
             The game lasted 00:04:52 (1616 turns).

Alfie the Covered (Hill Orc Fighter)                Turns: 1616, Time: 00:04:53

Health: -2/69      AC:  8    Str: 25    XL:     5   Next: 7%
Magic:  5/5        EV:  7    Int:  8    God:
Gold:   88         SH: 10    Dex: 10    Spells: 4/4 levels left

rFire    . . .     SeeInvis .   a - +0 rapier
rCold    . . .     Gourm    .   c - +0 shield
rNeg     . . .     Faith    .   s - +1 scale mail {rPois}
rPois    +         Spirit   .   (no helmet)
rElec    .         Reflect  .   (no cloak)
rCorr    .         Harm     .   (no gloves)
MR       .....                  (no boots)
Stlth    ..........             (no amulet)
Regen    0.3/turn               (no ring)
MPRegen  0.1/turn               (no ring)

@: berserking, slow
A: no striking features
a: no special abilities


You were in a sewer.
You were not hungry.

You visited 1 branch of the dungeon, and saw 3 of its levels.
You also visited: Sewer.

You collected 88 gold pieces.

Inventory:

Hand Weapons
 a - a +0 rapier (weapon)
Armour
 c - a +0 shield (worn)
 s - a +1 scale mail of poison resistance (worn)
Jewellery
 i - an uncursed amulet of harm {unknown}
 l - a cursed ring of ice {unknown}
Scrolls
 b - a scroll of enchant armour {unknown}
 g - a scroll of amnesia
 h - a scroll of blinking {unknown}
 k - a scroll of teleportation {unknown}
 m - a scroll of fear {unknown}
 n - a scroll of enchant weapon {unknown}
 o - a scroll of recharging {unknown}
 q - a scroll of identify {unknown}
Potions
 d - 2 potions of might
 e - a potion of mutation {unknown}
 p - a potion of cancellation {unknown}
Comestibles
 f - a bread ration
 j - a royal jelly


   Skills:
 + Level 4.1 Fighting
 + Level 3.3 Short Blades
 + Level 4.3 Armour
 + Level 0.2 Dodging
 + Level 4.1 Shields


You had 4 spell levels left.
You didn't know any spells.

Dungeon Overview and Level Annotations

Branches:
Dungeon (3/15)

Altars:
Elyvilon

Annotations:
Sewer Purgy


Message History

Purgy claws you but does no damage.
You puncture Purgy!
Purgy is heavily wounded.
Purgy looks around nervously.
Purgy bites you.
* * * LOW HITPOINT WARNING * * *
Purgy claws you but does no damage. Purgy barely misses you. Purgy bites you.
* * * LOW HITPOINT WARNING * * *
Purgy closely misses you. You block Purgy's attack.
It was a potion of berserk rage.
A red film seems to cover your vision as you go berserk!
You feel yourself moving faster!
You feel mighty! Purgy bites you but does no damage. You block Purgy's attack.
Purgy barely misses you.
You are too berserk!
Your unstable footing causes you to fumble your attack.
You barely miss Purgy.
Purgy is heavily wounded.
Purgy bites you.
You die...

##≈≈≈≈≈≈# ###≈≈≈≈≈##
#≈≈≈≈≈≈≈.##
#≈≈≈≈≈≈≈≈.###
###≈≈≈≈≈≈≈#.##
#≈≈≈≈≈≈≈.≈≈#
#≈≈≈≈≈≈≈≈≈.### #.≈
##≈≈≈≈≈≈≈≈≈≈.###...≈≈
#≈≈≈≈≈≈≈≈≈≈≈@T..≈≈≈≈
#≈≈≈≈≈≈≈≈≈≈≈≈≈≈≈≈≈≈≈
##≈≈≈≈≈≈≈≈≈≈≈≈≈≈≈≈≈≈
##≈≈≈≈≈≈≈≈≈≈≈≈≈≈≈≈≈
####≈≈≈≈≈≈≈≈≈≈≈≈≈≈
#≈≈≈≈≈≈≈≈≈≈≈≈≈≈
####≈≈#≈≈≈≈≈≈≈≈
##≈###≈#####


You could see Purgy.

Vanquished Creatures
  Terence (D:2)
  A gnoll (D:1)
  An adder (D:2)
  2 oozes
  A dart slug (D:1)
  5 worms
  3 leopard geckos (D:3)
  A giant cockroach (D:1)
  8 goblins
  5 hobgoblins
  4 jackals
  6 kobolds
  2 quokkas (D:2)
  4 bats
  5 frilled lizards
  5 rats
54 creatures vanquished.

Notes
Turn   | Place    | Note
-------+----------+-------------------------------------------
     0 | D:1      | Alfie the Hill Orc Fighter began the quest for the Orb.
     0 | D:1      | Reached XP level 1. HP: 19/19 MP: 1/1
    88 | D:1      | Reached XP level 2. HP: 22/27 MP: 2/2
   254 | D:1      | Reached XP level 3. HP: 25/33 MP: 3/3
   937 | D:2      | Reached XP level 4. HP: 31/40 MP: 4/4
  1048 | D:2      | Noticed Terence
  1071 | D:2      | Killed Terence
  1450 | D:3      | Found a white marble altar of Elyvilon.
  1526 | D:3      | Reached XP level 5. HP: 19/46 MP: 5/5
  1550 | D:3      | Found a glowing drain.
  1562 | Sewer    | Entered a sewer
  1581 | Sewer    | Noticed Purgy
  1613 | Sewer    | HP: 2/46 [Purgy (5)]
  1616 | Sewer    | Slain by Purgy

Skill      XL: |  1  2  3  4 |
---------------+-------------+-----
Short Blades   | 3 |  3.3
Armour         | 4 |  4.3
Shields        | 4 |  4.1
Fighting       | 4 |  4.1
Dodging        | |  0.2

Action                   |  1- 3 |  4- 6 || total
-------------------------+-------+-------++-------
Melee: Rapier            |   133 |   131 ||   264
  Use: Scroll            |     1 |       ||     1
       Potion            |       |     1 ||     1
  Eat: Bread ration      |       |     1 ||     1
Armor: Scale mail        |    62 |    53 ||   115
Dodge: Dodged            |    31 |    41 ||    72
Block: Shield            |    58 |    56 ||   114
